 Dungeon Crawl Stone Soup version 0.21.1-1-g345015f (webtiles) character file.

280 letownia2 the Conjurer (level 6, -1/34 HPs)
             Began as a Tengu Wizard on Mar 5, 2018.
             Slain by an ice beast (12 damage)
             ... on level 4 of the Dungeon.
             The game lasted 00:09:56 (1750 turns).

letownia2 the Conjurer (Tengu Wizard)               Turns: 1750, Time: 00:09:56

Health: -1/34      AC:  2    Str:  7    XL:     6   Next: 27%
Magic:  7/11       EV: 19    Int: 21    God:
Gold:   88         SH:  0    Dex: 12    Spells: 2/11 levels left

rFire    . . .     SeeInvis .   c - +0 blowgun
rCold    . . .     Gourm    .   (no shield)
rNeg     . . .     Faith    .   e - +0 robe
rPois    .         Spirit   .   b - +0 hat
rElec    .         Reflect  .   (no cloak)
rCorr    .         Harm     .   (no gloves)
MR       .....                  (boots unavailable)
Stlth    ++........             (no amulet)
HPRegen  0.11/turn              f - +3 ring of evasion
MPRegen  0.12/turn              (no ring)

@: lethally poisoned (-1 -> -2), flying quickly and evasively, quick
A: beak, talons 3, able to fly 1
a: no special abilities


You were on level 4 of the Dungeon.
You were not hungry.

You visited 1 branch of the dungeon, and saw 5 of its levels.

You collected 88 gold pieces.

Inventory:

Hand Weapons
 a - a +0 dagger
 c - a +0 blowgun (weapon)
 l - a +0 trident
 p - a +3 hand axe
 q - a +1 dagger of venom
 x - a +0 spear
 y - a cursed -2 mace
Missiles
 h - 32 poisoned needles (quivered)
Armour
 b - a +0 hat (worn)
 e - a +0 robe (worn)
 k - a +1 scale mail of poison resistance
 t - a +0 ring mail
Jewellery
 f - a +3 ring of evasion (left hand)
Scrolls
 g - 4 scrolls of identify {unknown}
 i - 4 scrolls of enchant weapon {unknown}
 m - 2 scrolls of magic mapping {unknown}
 o - a scroll of immolation {unknown}
 r - a scroll of fog {unknown}
 v - a scroll of noise {unknown}
 z - a scroll of blinking {unknown}
Potions
 n - a potion of haste {unknown}
 s - a potion of heal wounds {unknown}
 u - a potion of degeneration {unknown}
Books
 j - a book of Minor Magic

   Spells                             Type                      Level
   a - Magic Dart                     Conjuration                  1
   b - Blink                          Translocation                2
   c - Call Imp                       Summoning                    2
   d - Slow                           Hexes                        2
   e - Conjure Flame                  Conjuration/Fire             3
   f - Mephitic Cloud                 Conjuration/Poison/Air       3
 w - a book of Cantrips

   Spells                             Type                      Level
   a - Confusing Touch                Hexes                        1
   b - Animate Skeleton               Necromancy                   1
   c - Summon Small Mammal            Summoning                    1
   d - Apportation                    Translocation                1
Comestibles
 d - 4 rations
 A - 2 chunks of flesh


   Skills:
 + Level 1.3 Fighting
 + Level 1.4 Armour
 + Level 2.8 Dodging
 - Level 2.0 Stealth
 - Level 3.0 Spellcasting
 - Level 5.7 Conjurations
 - Level 1.2 Summonings
   Level 0.7 Translocations
 - Level 1.4 Fire Magic
 - Level 3.1 Air Magic


You had 2 spell levels left.
You knew the following spells:

 Your Spells              Type           Power        Failure   Level  Hunger
a - Magic Dart            Conj           ####         1%          1    None
c - Conjure Flame         Conj/Fire      ###.....     9%          3    ###....
e - Mephitic Cloud        Conj/Pois/Air  ###.....     12%         3    ###....
i - Call Imp              Summ           #.......     12%         2    ##.....


Dungeon Overview and Level Annotations

Branches:
Dungeon (5/15)
 Temple: D:4-7

Altars:

Annotations:
D:4 letownia2's ghost, weakling TeCj


Innate Abilities, Weirdness & Mutations

You have a beak for a mouth.
You have claws for feet.
You can fly.


Message History

Unknown command.
There is an open door here.
There is an open door here.
Your magical contamination has completely faded away.
An adder comes into view.
The adder hisses angrily.
The adder bites you. The adder bites you.
You are poisoned.
The adder poisons you!
You feel sick.
You feel sick. The ice beast hits you. The ice beast freezes you!
You feel sick.
You feel sick.
You feel sick.
You feel sick.
You swoop lightly up into the air.
You feel very comfortable in the air.
You feel somewhat more hungry. The ice beast hits you.
The ice beast freezes you!
You die...

#.# #.####.#........ #.# #.#
##.#####.#. #.# ##.## ### #.##
#W### #.#.# ##'## #...# #..##
##...# # #####.# #.####
##..... ## ##.# #.# #.##.##
##...... .#
##...##.######.#...####.......
.+
.........(.SY@........'.......
.#
##.........###.#...####.......
## #.........# #......#
##....). # #..###.##.#
#.####.# ##..... #..###.##.#
#.. .# ##...# #..##..##.# #.#
.# ##)## #..##.###.# #.. .#
#.# #####.....[...# ### ##
###.## ...###.##.###.# #.....


You could see an ice beast and an adder.

Vanquished Creatures
  3 hounds
  An orc wizard (D:4)
  Natasha (twice) (D:2)
  2 worker ants (D:4)
  3 adders (D:2)
  An ooze (D:4)
  6 orcs (D:4)
  A bat (D:2)
  3 giant cockroaches
  3 hobgoblins
  2 quokkas
  5 frilled lizards
  4 goblins
  A kobold (D:2)
  2 rats (D:1)
39 creatures vanquished.

Notes
Turn   | Place    | Note
-------+----------+-------------------------------------------
     0 | D:1      | letownia2 the Tengu Wizard began the quest for the Orb.
     0 | D:1      | Reached XP level 1. HP: 10/10 MP: 5/5
    46 | D:1      | Reached skill level 2 in Conjurations
   202 | D:2      | Reached XP level 2. HP: 9/15 MP: 4/7
   296 | D:2      | Reached skill level 3 in Conjurations
   339 | D:2      | Learned a level 2 spell: Call Imp
   388 | D:2      | Reached skill level 4 in Conjurations
   388 | D:2      | Reached XP level 3. HP: 17/19 MP: 0/8
   393 | D:2      | Noticed Natasha
   393 | D:2      | Learned a level 3 spell: Mephitic Cloud
   523 | D:2      | Killed Natasha
   523 | D:2      | Reached skill level 1 in Air Magic
   585 | D:2      | Noticed Natasha
   603 | D:2      | Reached XP level 4. HP: 10/24 MP: 0/9
   705 | D:2      | Killed Natasha
   769 | D:4      | Reached skill level 5 in Conjurations
   774 | D:4      | Learned a level 3 spell: Conjure Flame
   841 | D:4      | Gained mutation: You can fly. [Tengu growth]
   841 | D:4      | Reached XP level 5. HP: 23/28 MP: 1/10
  1023 | D:4      | Reached skill level 1 in Fire Magic
  1104 | D:4      | Noticed letownia2's ghost (weakling TeCj)
  1251 | D:4      | Noticed a phantom
  1441 | D:4      | Reached skill level 1 in Fighting
  1441 | D:4      | Reached skill level 1 in Armour
  1441 | D:4      | Reached XP level 6. HP: 23/34 MP: 0/11
  1652 | D:5      | Entered Level 5 of the Dungeon
  1682 | D:5      | Noticed an ice beast
  1700 | D:5      | Noticed an ice beast
  1750 | D:4      | Slain by an ice beast

Skill      XL: |  1  2  3  4  5 |
---------------+----------------+-----
Conjurations   | 2 4 5 |  5.7
Air Magic      | 1 3 |  3.1
Fire Magic     | 1 |  1.4
Fighting       | 1 |  1.3
Armour         | 1 |  1.4
Dodging        | |  2.8
Stealth        | |  2.0
Spellcasting   | |  3.0
Summonings     | |  1.2
Translocations | |  0.7

Action                   |  1- 3 |  4- 6 || total
-------------------------+-------+-------++-------
Melee: Dagger            |    13 |    18 ||    31
       Kick              |     3 |     5 ||     8
       Unarmed           |     1 |       ||     1
       Peck              |       |     3 ||     3
 Fire: Blowgun           |       |    37 ||    37
 Cast: Magic Dart        |    39 |    38 ||    77
       Mephitic Cloud    |     2 |    11 ||    13
       Conjure Flame     |       |     1 ||     1
 Abil: Fly               |       |     1 ||     1
 Stab: Confused          |       |     1 ||     1
  Eat: Chunk             |       |     4 ||     4
Armor: Robe              |     7 |     1 ||     8
Dodge: Dodged            |    20 |    14 ||    34
